 Dungeon Crawl Stone Soup version 0.22-a0-608-g8a62e23 (webtiles) character file.

572 sking99 the Insei (level 7, -9/59 HPs)
             Began as a Black Draconian Transmuter on July 9, 2018.
             Was an Initiate of Fedhas.
             Mangled by a manticore (14 damage)
             ... on level 6 of the Dungeon.
             The game lasted 00:11:46 (5935 turns).

sking99 the Insei (Black Draconian Transmuter)      Turns: 5935, Time: 00:11:47

Health: -9/59      AC:  7    Str: 12    XL:     7   Next: 12%
Magic:  3/10       EV: 17    Int: 15    God:    Fedhas [......]
Gold:   253        SH:  0    Dex: 17    Spells: 7/10 levels left

rFire    . . .     SeeInvis .     - Unarmed
rCold    . . .     Gourm    .   (no shield)
rNeg     + . .     Faith    .   (armour unavailable)
rPois    +         Spirit   .   (helmet restricted)
rElec    +         Reflect  .   o - +0 cloak {rPois}
rCorr    .         Harm     .   (no gloves)
MR       .....                  (no boots)
Stlth    +++.......             (no amulet)
HPRegen  0.19/turn              j - ring of positive energy
MPRegen  0.12/turn              (no ring)

@: agile, barbed spikes, very slightly contaminated
A: breathe lightning, unfitting armour, electricity resistance, cold-blooded, AC
+6
a: Breathe Lightning, Fungal Bloom, Renounce Religion


You were on level 6 of the Dungeon.
You worshipped Fedhas.
Fedhas was noncommittal.
You were hungry.

You visited 1 branch of the dungeon, and saw 6 of its levels.

You collected 253 gold pieces.

Inventory:

Hand Weapons
 s - a +1 dagger
Missiles
 a - 25 arrows
Armour
 o - a +0 cloak of poison resistance (worn)
Jewellery
 j - a ring of positive energy (left hand)
 t - an uncursed ring of resist corrosion {unknown}
Wands
 l - a wand of polymorph (4)
 m - a wand of paralysis (18)
Scrolls
 d - 2 scrolls of amnesia
 e - 2 scrolls of teleportation
 f - a scroll of enchant weapon
 g - 2 scrolls of remove curse
 k - a scroll of magic mapping
 p - a scroll of immolation
Potions
 b - a potion of brilliance
 h - a potion of mutation
 i - a potion of lignification {unknown}
 n - a potion of magic {unknown}
 r - a potion of degeneration {unknown}
Comestibles
 c - 17 rations


   Skills:
 + Level 4.1 Fighting
 - Level 1.7 Dodging
 * Level 6.1 Unarmed Combat
 - Level 2.0 Spellcasting
 + Level 4.2 Transmutations


You had 7 spell levels left.
You knew the following spells:

 Your Spells              Type           Power        Failure   Level  Hunger
a - Beastly Appendage     Tmut           ##....       4%          1    #......
b - Sticks to Snakes      Tmut           ##......     6%          2    ###....

Your spell library contained the following spells:

 Spells                   Type           Power        Failure   Level  Hunger
 Spider Form              Tmut/Pois      #.........   28%         3    ###....
 Blade Hands              Tmut           ##........   73%         5    ######.
 Ice Form                 Ice/Tmut       #.......     67%         4    #####..


Dungeon Overview and Level Annotations

Branches:
Dungeon (6/15)             Temple (0/1) D:4

Altars:
Fedhas
Vehumet

Shops:
D:4 }

Annotations:
D:2 Sigmund
D:3 2 transporters
D:4 2 runed doors, HydraWiggins's ghost, novice GnVM


Innate Abilities, Weirdness & Mutations

You can breathe wild blasts of lightning.
Your glossy black scales are hard. (AC +6)
You cannot fit into any form of body armour.
You are resistant to electric shocks. (rElec)
You are cold-blooded and may be slowed by cold attacks.


Message History

Unknown command.
You hit the manticore but do no damage.
The manticore is lightly wounded.
Your ball python barely misses the manticore. x2
Your ball python bites the manticore.
You punch the manticore!
The manticore is moderately wounded.
Your ball python bites the manticore but does no damage.
The manticore bites you.
* * * LOW HITPOINT WARNING * * *
The manticore barely misses you. The manticore claws you!
* * * LOW HITPOINT WARNING * * *
Your ball python bites the manticore but does no damage.
Your ball python barely misses the manticore.
You feel agile all of a sudden.
Your ball python bites the manticore but does no damage.
Your ball python closely misses the manticore.
The manticore bites you!
You die...
Fedhas appreciates your contribution to the ecosystem.

####.....#
#.#.#≈#≈≈≈≈≈≈≈≈≈≈≈.
..########
#.####≈≈≈≈≈≈≈≈#≈#..
#.# #..#
##.≈;≈≈≈≈≈w### #.#
##.# .##≈≈.≈≈#..
#.#### #.# .....#
#.# #### #.##.#
#######.##..... #.#
.. .>.........# #..
.# ######.@S..#
#### # #.HS......
#..S..###. #.......
###.#..... .######
.. .#


You could see a manticore and 3 friendly ball pythons.

Vanquished Creatures
  A howler monkey (D:5)
  A crimson imp (D:5)
  3 orc priests
  A bullfrog skeleton (D:5)
  3 orc wizards
  3 worker ants
  2 hound skeletons
  4 adders
  3 gnolls (D:4)
  An ooze (D:4)
  An adder skeleton (D:5)
  A worm (D:4)
  9 dart slugs
  5 leopard geckos
  21 orcs
  A ball python (D:4)
  3 giant cockroaches
  3 goblins
  8 hobgoblins
  4 jackals (D:3)
  6 kobolds
  A quokka (D:4)
  5 bats
  2 frilled lizards
  6 rats
98 creatures vanquished.

Vanquished Creatures (collateral kills)
  Crazy Yiuf (D:4)
1 creature vanquished.

Vanquished Creatures (others)
  15 toadstools
15 creatures vanquished.

Grand Total: 114 creatures vanquished

Notes
Turn   | Place    | Note
-------+----------+-------------------------------------------
     0 | D:1      | sking99 the Draconian Transmuter began the quest for the Orb.
     0 | D:1      | Reached XP level 1. HP: 16/16 MP: 3/3
   190 | D:1      | Reached XP level 2. HP: 23/23 MP: 5/5
   214 | D:1      | Learned a level 2 spell: Sticks to Snakes
  1009 | D:2      | Reached XP level 3. HP: 23/29 MP: 6/6
  1564 | D:2      | Noticed Sigmund
  1877 | D:3      | Found a radiant altar of Vehumet.
  1886 | D:3      | Reached skill level 4 in Unarmed Combat
  1901 | D:3      | Reached XP level 4. HP: 2/37 MP: 7/7
  2245 | D:3      | Found a transporter.
  2453 | D:3      | Found a transporter.
  2670 | D:3      | Found a blossoming altar of Fedhas.
  2681 | D:3      | Noticed an oklob plant
  2709 | D:3      | Became a worshipper of Fedhas Madash
  3160 | D:4      | Reached XP level 5. HP: 35/42 MP: 5/8
  3733 | D:4      | Reached skill level 5 in Unarmed Combat
  4162 | D:4      | Reached XP level 6. HP: 46/51 MP: 9/9
  4220 | D:4      | Found a runed door.
  4257 | D:4      | Found Kubishai's Gadget Emporium.
  4475 | D:4      | Found a staircase to the Ecumenical Temple.
  4556 | D:4      | Found a large runed door.
  4558 | D:4      | Found a large runed door.
  4563 | D:4      | Noticed HydraWiggins's ghost (novice GnVM)
  4758 | D:4      | Noticed Crazy Yiuf
  4799 | D:4      | Killed Crazy Yiuf
  4940 | D:5      | Entered Level 5 of the Dungeon
  5659 | D:5      | Reached skill level 6 in Unarmed Combat
  5680 | D:5      | Your scales start taking on a glossy black colour.
  5680 | D:5      | Reached XP level 7. HP: 55/59 MP: 10/10
  5680 | D:5      | Gained mutation: You are resistant to electric shocks. (rElec) [Black Draconian growth]
  5923 | D:6      | Noticed a manticore
  5935 | D:6      | Mangled by a manticore

Vault maps used:
D:1:      mrwooster_arrival_arrow
D:2:      uniq_sigmund
D:3:      gammafunk_temple_overflow_arena, serial_bayou, serial_bayou_pond_d,
          serial_bayou_lagoon_b, serial_bayou_lake_a, serial_bayou_crossing,
          serial_bayou_ford_a, tgw_fedhas
D:4:      minmay_temple_entry_large_hall, ebering_ghost_disaster_area,
          serial_shops, shop, uniq_crazy_yiuf_cottage
D:5:      first_ration, corexii_item_surrounded_by_moat
D:6:      kennysheep_slugbush, basic_altar, serial_bayou_pond_e,
          hangedman_decor_peaks_small, st_stairs_3

Skill      XL: |  1  2  3  4  5  6 |
---------------+-------------------+-----
Fighting       | 2 3 4 |  4.1
Unarmed Combat | 4 5 6 |  6.1
Transmutations | 3 4 |  4.2
Dodging        | |  1.7
Spellcasting   | |  2.0

Action                   |  1- 3 |  4- 6 |  7- 9 || total
-------------------------+-------+-------+-------++-------
Melee: Unarmed           |   140 |   327 |    32 ||   499
       Tailslap          |     6 |    38 |     6 ||    50
       Punch             |     1 |     8 |       ||     9
       Kick              |       |     2 |       ||     2
 Cast: Sticks to Snakes  |     1 |     3 |     3 ||     7
       Beastly Appendage |       |     3 |       ||     3
Invok: Fungal Bloom      |       |     7 |     1 ||     8
  Use: Potion            |     3 |     3 |     1 ||     7
       Scroll            |       |    15 |       ||    15
 Stab: Sleeping          |     1 |       |       ||     1
       Distracted        |       |     2 |       ||     2
  Eat: Chunk             |     2 |    10 |     1 ||    13
       Ration            |       |     1 |       ||     1
Armor: Skin              |    51 |    73 |     7 ||   131
Dodge: Dodged            |    75 |   203 |    16 ||   294

Table legend:
 A = Spawn XP
 B = Non-spawn XP
 C = Spawn XP percentage of total XP
 D = Spawn monster count
 E = Non-spawn monster count
 F = Spawn count percentage of total count
 G = Total turns spent on level
                    A         B        C        D         E        F      G
               +---------+---------+-------+---------+---------+-------+---------
         Total |       0 |     818 |   0.0 |       0 |      99 |   0.0 |  5935
               +---------+---------+-------+---------+---------+-------+---------
           D:1 |       0 |      37 |   0.0 |       0 |      19 |   0.0 |  1100
           D:2 |       0 |      43 |   0.0 |       0 |      15 |   0.0 |   777
           D:3 |       0 |     127 |   0.0 |       0 |      27 |   0.0 |  1756
           D:4 |       0 |     269 |   0.0 |       0 |      20 |   0.0 |  1307
           D:5 |       0 |     293 |   0.0 |       0 |      13 |   0.0 |   866
           D:6 |       0 |      49 |   0.0 |       0 |       5 |   0.0 |   129
               +---------+---------+-------+---------+---------+-------+---------
